Map: Ever Dream LE

Players

PtitDrogo - Winner!

  • Race: Protoss Protoss
  • League: Master
  • Spawn Location: 7:00

ShoWTimE

  • Race: Protoss Protoss
  • Spawn Location: 1:00

Event: DreamHack SC2 Masters 2020 Summer Europe

VOD

Have the link to the VOD?

Description

Time

  • Played on: July 9, 2020, 12:26 p.m.
  • Length: 12:48

All games in this series

Show
View Real Time Build Order
Export as new Build Order

PtitDrogo Protoss - Winner!

Build Orders: Mass Adepts, Zealot Archon 

Get SALT Encoding   

  12  0:00  Probe  
  13  0:12  Probe  
  14  0:16  Pylon  
  14  0:23  Probe  
  15  0:32  Probe  
  15  0:36  Gateway  
  15  0:40  Probe  
  16  0:45  Assimilator  
  17  0:51  Probe  
  17  0:54  Assimilator  
  18  0:59  Probe  
  19  1:07  Probe  
  19  1:09  Gateway  
  19  1:17  Probe  
  20  1:23  Cybernetics Core  
  21  1:32  Probe  
  22  1:34  Pylon  
  22  1:44  Probe  
  23  1:51  Warp Gate  
  23  2:01  Adept x2  
  23  2:04  Pylon  
  23  2:05  Probe  
  28  2:31  Adept x2  
  32  2:49  Nexus  
  32  3:01  Adept x2  
  31  3:15  Probe  
  31  3:23  Probe  
  32  3:31  Probe  
  32  3:39  Adept x2  
  37  3:41  Probe  
  37  3:46  Pylon  
  38  3:52  Twilight Council  
  38  3:53  Probe  
  39  3:59  Resonating Glaives  
  39  4:01  Probe  
  40  4:05  Probe  
  33  4:25  Probe x2  
  33  4:27  Adept x2  
  37  4:33  Dark Shrine  
  37  4:39  Probe x2  
  39  4:48  Adept  
  39  4:49  Adept  
  39  4:51  Probe  
  44  4:58  Probe  
  45  5:01  Gateway  
  45  5:03  Probe  
  46  5:09  Adept  
  46  5:11  Adept  
  46  5:13  Probe  
  51  5:16  Probe  
  52  5:25  Probe  
  52  5:28  Probe  
  54  5:34  Adept  
  54  5:35  Adept  
  54  5:38  Probe  
  54  5:40  Probe  
  54  5:45  Pylon  
  54  5:50  Probe  
  49  6:00  Probe  
  49  6:01  Dark Templar x3  
  49  6:02  Probe  
  53  6:10  Assimilator  
  51  6:11  Pylon  
  51  6:12  Probe  
  51  6:13  Assimilator  
  51  6:14  Probe  
  53  6:19  Robotics Facility  
  53  6:24  Probe  
  54  6:26  Forge  
  54  6:33  Probe  
  54  6:34  Blink  
  55  6:46  Probe  
  48  6:48  Adept  
  48  6:49  Adept x2  
  48  6:52  Protoss Ground Weapons Level 1  
  54  6:57  Gateway  
  54  6:58  Gateway  
  54  6:59  Gateway  
  54  7:00  Shield Battery  
  54  7:06  Photon Cannon  
  54  7:08  Observer  
  55  7:14  Dark Templar  
  55  7:15  Adept x2  
  61  7:24  Archon  
  61  7:27  Pylon  
  61  7:33  Immortal  
  61  7:52  Stalker x3  
  61  7:55  Shield Battery  
  67  8:00  Robotics Bay  
  67  8:03  Stalker x3  
  73  8:18  Stalker x2  
  73  8:19  Stalker  
  79  8:36  Stalker x3  
  85  8:41  Warp Prism  
  79  8:52  Stalker x3  
  84  9:00  Stalker  
  84  9:12  Pylon  
  84  9:13  Pylon  
  82  9:22  Colossus  
  76  9:25  Stalker x5  
  76  9:26  Adept  
  88  9:53  Nexus  
  88  9:56  Pylon  
  88  10:00  Colossus  
  88  10:13  Extended Thermal Lance  
  88  10:20  Zealot  
  95  10:23  Zealot  
  97  10:28  Zealot  
  95  10:49  Colossus  
  95  10:50  Dark Templar, Probe  
  104  11:03  Adept x3  
  110  11:07  Dark Templar  
  110  11:08  Dark Templar  
  112  11:35  Adept x4  
  94  12:05  Stalker x6  
  100  12:11  Observer  
  84  12:28  Stalker x5  
Show
View Real Time Build Order
Export as new Build Order

ShoWTimE Protoss 

Build Orders: Mass Adepts, Zealot Archon 

Get SALT Encoding   

  12  0:00  Probe  
  13  0:12  Probe  
  14  0:17  Pylon  
  14  0:24  Probe  
  15  0:32  Probe  
  15  0:36  Gateway  
  15  0:40  Probe  
  16  0:45  Assimilator  
  17  0:51  Probe  
  17  0:54  Assimilator  
  18  0:59  Probe  
  19  1:07  Gateway  
  19  1:08  Probe  
  19  1:17  Probe  
  20  1:24  Cybernetics Core  
  21  1:29  Probe  
  22  1:34  Pylon  
  22  1:41  Probe  
  23  1:50  Warp Gate  
  23  1:53  Probe  
  24  2:00  Adept x2  
  28  2:07  Probe  
  29  2:11  Pylon  
  29  2:18  Shield Battery  
  29  2:30  Adept x2  
  33  2:45  Nexus  
  33  2:55  Probe  
  33  2:57  Shield Battery  
  34  3:01  Adept  
  36  3:07  Adept  
  36  3:11  Probe  
  39  3:16  Shield Battery  
  39  3:18  Pylon  
  37  3:25  Probe  
  37  3:27  Shield Battery  
  36  3:34  Probe  
  37  3:42  Probe  
  37  3:45  Adept x2  
  42  3:53  Probe  
  42  3:54  Robotics Facility  
  44  4:06  Shield Battery  
  44  4:09  Adept  
  45  4:11  Probe x2  
  45  4:19  Adept  
  45  4:22  Probe x2  
  45  4:29  Forge  
  45  4:30  Probe  
  45  4:32  Probe  
  45  4:36  Sentry  
  49  4:38  Probe  
  49  4:40  Probe  
  49  4:44  Observer  
  52  4:46  Sentry  
  52  4:49  Probe  
  52  4:51  Protoss Ground Weapons Level 1, Twilight Council  
  52  4:52  Probe  
  55  4:55  Pylon  
  55  4:58  Phoenix  
  55  5:01  Probe  
  55  5:04  Probe  
  57  5:09  Gateway  
  57  5:13  Stalker, Probe  
  60  5:15  Stalker  
  62  5:21  Shield Battery  
  62  5:22  Probe  
  62  5:25  Probe  
  63  5:34  Probe  
  64  5:36  Charge  
  64  5:38  Probe  
  65  5:46  Shield Battery  
  65  5:48  Gateway  
  65  5:51  Gateway  
  65  5:55  Warp Prism  
  64  5:57  Assimilator  
  64  5:58  Assimilator  
  64  6:02  Templar Archives  
  61  6:10  Probe x2  
  64  6:12  Shield Battery  
  64  6:18  Probe  
  64  6:23  Probe  
  64  6:24  Gateway  
  64  6:25  Gateway  
  66  6:28  Probe  
  67  6:35  Shield Battery  
  67  6:39  Stalker x2  
  66  6:40  Phoenix  
  64  6:47  Probe  
  64  6:48  Probe  
  66  6:54  Gateway  
  66  6:56  Observer  
  66  6:59  High Templar, Probe  
  70  7:02  Pylon  
  70  7:05  Pylon  
  70  7:10  Pylon  
  70  7:20  Probe x2, High Templar x3, Pylon  
  78  7:24  Archon  
  78  7:25  Archon  
  78  7:30  Pylon  
  78  7:32  Probe x2  
  75  7:44  Probe x2  
  76  7:56  Probe x2  
  76  7:57  Zealot x5  
  88  8:09  Probe x2  
  90  8:15  High Templar x2  
  90  8:16  High Templar  
  90  8:17  High Templar, Zealot x2  
  102  8:20  Archon  
  102  8:21  Archon  
  102  8:25  Pylon  
  102  8:33  Observer  
  92  8:46  Zealot x4  
  96  8:52  Zealot x4  
  96  9:15  Immortal  
  84  9:22  Zealot x2  
  84  9:23  Zealot x6  
  76  9:42  Probe x2  
  76  9:43  High Templar x4  
  76  9:44  Zealot x2  
  90  9:48  Archon  
  90  9:49  Immortal, Archon, Zealot x2  
  92  10:10  Zealot x2  
  92  10:11  Zealot  
  98  10:14  Zealot  
  98  10:24  Zealot x3  
  98  10:34  Probe x2  
  86  10:39  Robotics Bay  
  86  10:42  Stalker  
  84  10:49  Robotics Facility  
  82  11:01  Stalker x2  
  86  11:15  Zealot x4  
  86  11:17  Disruptor  
  96  11:36  Stalker  
  96  11:37  Zealot  
  96  11:43  Zealot x3  
  95  11:51  Zealot  
  28  12:39  Zealot x5  
Tags
 
Add a new tag
Caveats
  • Supply blocks, unpowered buildings, or Contaminate may cause inaccurate times.
  • Supply counts are checked every 10 seconds.